AoeStats
← enanone

Golden Pit

507953463Analyzed
1v1 RM · 12d ago on Sep 20, 2026· 42m 37s· 2 players
Game mode
Random Map
Map size
Tiny (2 player)
Population
200
Speed
Normal
Resources
Standard
Victory
Conquest
Starting age
Dark Age
Ending age
Imperial Age
RankedLock teamsTeams togetherTeam positionsShared explorationLock speedFull tech treeHidden civsTurbo modeCheats
Victory
Defeat
🇪🇸 Slavs · Spain
1361
+16
🇺🇸 Mongols · United States
1362
-16
enanone
6:41 Loom
8:54 Feudal Age
9:26 Double-Bit Axe
12:02 Horse Collar
15:59 Wheelbarrow
20:38 Castle Age
19:12 Forging
19:03 Gold Mining
20:01 Bloodlines
21:35 Scale Barding Armor
21:59 Bow Saw
21:59 Heavy Plow
22:06 Husbandry
25:59 Elite Skirmisher
28:15 Chain Barding Armor
29:37 Fletching
30:35 Guard Tower
31:08 Bodkin Arrow
32:09 Ballistics
33:07 Padded Archer Armor
36:27 Imperial Age
35:39 Hand Cart
36:05 Town Watch
36:40 Leather Archer Armor
36:35 Stone Mining
38:22 Plate Barding Armor
38:04 Cavalier
39:20 Iron Casting
39:15 Ring Archer Armor
39:48 Chemistry
38:58 Masonry
41:06 Two-Man Saw
:)
6:18 Loom
8:23 Feudal Age
9:48 Double-Bit Axe
9:44 Horse Collar
19:46 Castle Age
18:27 Fletching
23:44 Bodkin Arrow
23:50 Padded Archer Armor
24:10 Bow Saw
28:05 Bloodlines
27:55 Husbandry
29:18 Ballistics
29:45 Leather Archer Armor
41:16 Imperial Age
38:34 Town Watch
40:11 Scale Barding Armor
40:16 Forging
41:24 Chain Barding Armor
42:24 Bracer
Connection lost

Rejoining the realm…

Still unreachable

The connection could not be restored.

Session expired

The server has moved on; the page needs a fresh start.